 Dungeon Crawl Stone Soup version 0.23-a0-404-g0063841 (webtiles) character file.

229541 galech the Severer (level 19, -28/159 HPs)
             Began as a Demonspawn Fighter on Nov 5, 2018.
             Was the Champion of Okawaru.
             Killed from afar by Xtahua (58 damage)
             ... with a searing blast
             ... on level 4 of the Depths.
             The game lasted 01:17:23 (34340 turns).

galech the Severer (Demonspawn Fighter)            Turns: 34340, Time: 01:17:25

Health: -28/159    AC: 31    Str: 27    XL:     19   Next: 10%
Magic:  0/33       EV: 17    Int: 14    God:    Okawaru [******]
Gold:   2876       SH: 17    Dex: 20    Spells: 18/18 levels left

rFire    . . .     SeeInvis +   a - +9 war axe (elec)
rCold    + + +     Gourm    .   T - +0 shield {rC+}
rNeg     + . .     Faith    .   z - +5 plate armour "Meunk" {+Fly rC++}
rPois    +         Spirit   +   O - +1 hat
rElec    .         Reflect  .   I - scarf {Spirit}
rCorr    +         Harm     .   M - +2 pair of gloves of Prudence {*Corrode MR++ Regen+ Stlth+}
MR       +++..                  Y - +1 pair of boots of Xinima {rN+ Int+3}
Stlth    +.........             D - amulet "Kubbirhe" {RegenMP Str+8 SInv}
HPRegen  0.76/turn              h - ring of magical power
MPRegen  0.48/turn              n - ring "Wesutseu" {rCorr rPois}

@: mighty, heroism, flayed
A: hooves 2, repulsion field 2, demonic guardian 2, powered by pain 2, weak 1,
augmentation 1
a: Heroism, Finesse, Renounce Religion, Evoke Flight


You were on level 4 of the Depths.
You worshipped Okawaru.
Okawaru was exalted by your worship.
You were not hungry.

You visited 5 branches of the dungeon, and saw 28 of its levels.
You also visited: Labyrinth, Bailey and Volcano.

You collected 3318 gold pieces.
You spent 442 gold pieces at shops.

Inventory:

Hand Weapons
 a - a +9 war axe of electrocution (weapon)
 F - a +1 scimitar of flaming
Armour
 r - the +8 plate armour "Woijucea" {Int+3}
   (Okawaru gifted it to you on level 6 of the Lair of Beasts)

   It affects your intelligence (+3).
 z - the +5 plate armour "Meunk" (worn) {+Fly rC++}
   (You found it on level 4 of the Dungeon)

   It greatly protects you from cold.
   It lets you fly.
 I - a scarf of spirit shield (worn)
 M - the +2 pair of gloves of Prudence (worn) {*Corrode MR++ Regen+ Stlth+}
   (You bought it in a shop on level 2 of the Orcish Mines)

   It affects your resistance to hostile enchantments.
   It increases your rate of regeneration.
   It may corrode you when you take damage.
   It makes you more stealthy.
 O - a +1 hat (worn)
 T - a +0 shield of cold resistance (worn)
 U - a scarf of resistance
 X - +0 fire dragon scales
 Y - the +1 pair of boots of Xinima (worn) {rN+ Int+3}
   (You found it on level 12 of the Dungeon)

   It affects your intelligence (+3).
   It protects you from negative energy.
Jewellery
 c - an uncursed ring of protection from fire
 g - a +2 ring of evasion
 h - a ring of magical power (left hand)
 n - the ring "Wesutseu" (right hand) {rCorr rPois}
   (You found it on level 2 of the Depths)

   [ring of resist corrosion]

   It protects you from poison.
 D - the amulet "Kubbirhe" (around neck) {RegenMP Str+8 SInv}
   (You found it on level 14 of the Dungeon)

   [amulet of magic regeneration]

   It increases your magic regeneration.
   It affects your strength (+8).
   It lets you see invisible.
 G - an uncursed amulet of guardian spirit
 L - an uncursed ring of see invisible
Wands
 q - a wand of acid (4)
 K - a wand of digging (9)
Scrolls
 i - 8 scrolls of teleportation
 j - 12 scrolls of remove curse
 m - a scroll of enchant weapon
 p - 4 scrolls of amnesia
 v - 5 scrolls of magic mapping
 w - 3 scrolls of enchant armour
 x - 2 scrolls of identify
 A - 4 scrolls of fear
 C - 2 scrolls of acquirement
 J - 8 scrolls of fog
 P - 3 scrolls of blinking
 V - a scroll of silence
Potions
 b - a potion of lignification
 d - 4 potions of might
 e - 2 potions of invisibility
 k - 5 potions of brilliance
 l - a potion of cancellation
 o - 6 potions of flight
 s - 8 potions of curing
 t - 3 potions of haste
 u - 3 potions of magic
 H - a potion of mutation
 N - 3 potions of agility
 Q - a potion of berserk rage
 R - a potion of resistance
 S - a potion of ambrosia
Comestibles
 f - 54 rations
 B - 2 chunks of flesh


   Skills:
 + Level 16.6(21.6) Fighting
 + Level 18.5(23.5) Axes
 + Level 13.8(18.8) Armour
 + Level 3.4(8.4) Dodging
 + Level 4.8(9.8) Stealth
 + Level 14.5(19.5) Shields
 + Level 6.7 Invocations
 + Level 1.0 Evocations


You had 18 spell levels left.
You didn't know any spells.
Your spell library contained the following spells:

 Spells                   Type           Power        Failure   Level  Hunger
 Animate Skeleton         Necr           N/A          82%         1    ##.....
 Apportation              Tloc           #.....       82%         1    ##.....
 Confusing Touch          Hex            #.....       82%         1    ##.....
 Shock                    Conj/Air       #...         82%         1    ##.....
 Summon Small Mammal      Summ           #...         82%         1    ##.....
 Corpse Rot               Necr           N/A          91%         2    ###....
 Swiftness                Chrm/Air       #.......     91%         2    ###....
 Confuse                  Hex            #.......     99%         3    ####...
 Gell's Gravitas          Tloc           #.........   99%         3    ####...
 Static Discharge         Conj/Air       #.......     99%         3    ####...
 Stone Arrow              Conj/Erth      #.....       99%         3    ####...
 Airstrike                Air            #.........   100%        4    #####..
 Leda's Liquefaction      Hex/Erth       #.........   100%        4    #####..
 Petrify                  Tmut/Erth      #.......     100%        4    #####..
 Bolt of Magma            Conj/Fire/Erth #.........   100%        5    ######.
 Irradiate                Conj/Tmut      #.........   100%        5    ######.
 Iskenderun's Battlesphe  Conj/Chrm      #.......     100%        5    ######.
 Lightning Bolt           Conj/Air       #.........   100%        5    ######.
 Metabolic Englaciation   Hex/Ice        #.........   100%        5    ######.
 Summon Forest            Summ/Tloc      #.........   100%        5    ######.
 Venom Bolt               Conj/Pois      #.........   100%        5    ######.
 Yara's Violent Unravell  Hex/Tmut       #.........   100%        5    ######.
 Hydra Form               Tmut           #.........   100%        6    #######
 Iron Shot                Conj/Erth      #.........   100%        6    #######
 Statue Form              Tmut/Erth      #........    100%        6    #######
 Dragon Form              Tmut           #.........   100%        7    #######
 Orb of Destruction       Conj           #.........   100%        7    #######
 Spellforged Servitor     Conj/Summ      #.........   100%        7    #######
 Summon Hydra             Summ           #.........   100%        7    #######
 Ignition                 Fire           #.........   100%        8    #######
 Shatter                  Erth           #.........   100%        9    #######
 Tornado                  Air            #.........   100%        9    #######


Dungeon Overview and Level Annotations

Branches:
Dungeon (15/15)            Temple (1/1) D:4            Lair (6/6) D:11
  Swamp (0/4) Lair:4       Spider (0/4) Lair:2        Slime (0/5) Lair:6
    Orc (2/2) D:9             Elf (0/3) Orc:2        Vaults (0/5) D:13
 Depths (4/5) D:15

Altars:
Ashenzari
Cheibriados
Elyvilon
Gozag
Hepliaklqana
Kikubaaqudgha
Okawaru
Ru
Sif Muna
Trog
Uskayaw
Xom
Zin
The Shining One
Beogh

Shops:
D:10 %   D:12 (}(:[   D:13 =   Orc:1 *   Orc:2 [(*[

Portals:
Hell: Depths:1 Depths:2 Depths:3 Depths:4
Abyss: Depths:2 Depths:4
Pandemonium: Depths:1 Depths:3
Ziggurat: Depths:1

Annotations:
D:11 1 runed door
Depths:4 Xtahua


Innate Abilities, Weirdness & Mutations

You have hoof-like feet.
You are surrounded by a moderate repulsion field. (EV +3)
A demonic guardian rushes to your aid.
You sometimes gain power by taking damage.
Your magical and physical power is slightly enhanced at high health.
You are weak. (Str -2)


Message History

The searing blast misses you.
You hear a shout!
You slice Xtahua!!
Xtahua is severely wounded.
Xtahua breathes flames at you. The searing blast misses you.
You closely miss Xtahua.
Xtahua is severely wounded.
Some of the chunks of flesh in your inventory have rotted away.
You slice Xtahua!!
Xtahua is almost dead.
You block Xtahua's attack. Xtahua misses you. Xtahua closely misses you.
You barely miss Xtahua.
Xtahua is almost dead.
The flayed ghost stares at you with tortured malice.
Terrible wounds spread across more of your body!
* * * LOW HITPOINT WARNING * * *
Xtahua breathes flames at you. The searing blast hits you!
You die...

(##.###. ...
........ .. .##.###.
.. ## .# .## .# ...
.# #.# # #.# #
....####.##.#
#....WD@..ยง#
##.####'#######
#...(....#
#........#
#...[....#
#........# ####
#....(...# ###..###
#........#
#......####........#


You could see Xtahua and a flayed ghost.

Vanquished Creatures
  Saint Roka (Depths:2)
  A caustic shrike (Depths:3)
  3 golden dragons
  2 tentacled monstrosities (Depths:3)
  2 quicksilver dragons
  5 liches
  4 sphinxes
  The ghost of soark the Devastator, an adept DECj of Vehumet (Depths:2)
  A shadow dragon (Depths:2)
  4 tengu reavers
  Kirke (Lair:6)
  A storm dragon (Depths:2)
  4 fire giants (Depths:2)
  3 orc warlords
  An iron dragon (Depths:3)
  A frost giant (Depths:2)
  A deep elf sorcerer (Depths:2)
  20 very ugly things
  9 stone giants
  2 vampire knights
  Nessos (Lair:5)
  6 spark wasps
  4 ettins
  A minotaur (Lab)
  Snorg (Orc:1)
  A merfolk javelineer (Depths:2)
  2 fire dragons
  A blizzard demon (D:12)
  Josephine (D:15)
  2 merfolk impalers (Depths:3)
  2 ogre magi
  4 yaktaur captains
  2 jiangshi (Depths:1)
  2 great orbs of eyes
  The ghost of MisterFreud the Grappler, a journeyman TrHu of Ru (D:11)
  The ghost of Petrovich the Fighter, a journeyman GnWn of Xom (D:12)
  5 rakshasas
  8 vault guards (D:13)
  2 ice dragons
  4 hydras
  An ice dragon (shapeshifter) (Depths:2)
  A spriggan air mage (Depths:3)
  4 death yaks (Lair:6)
  7 centaur warriors
  16 two-headed ogres
  7 deep troll earth magi
  4 deep troll shamans
  An anaconda (Lair:6)
  4 tengu warriors
  2 vampire magi
  Urug (Lair:1)
  A hell knight (Volcano)
  4 orc high priests
  A spriggan berserker (Depths:3)
  An iron troll (Depths:3)
  4 unseen horrors
  18 deep trolls
  Pikel (D:7)
  2 wizards
  2 necromancers
  An oklob plant (Lair:6)
  A wolf spider (shapeshifter) (D:14)
  2 deep elf magi
  7 orc knights
  A mana viper (shapeshifter) (D:14)
  An orb spider (Lair:2)
  2 manticores
  8 orc sorcerers
  5 centaur zombies
  11 ugly things
  4 cyclopes
  2 black mambas
  6 elephants
  A guardian serpent (shapeshifter) (Depths:3)
  A naga mage (D:15)
  A smoke demon (Depths:3)
  2 gargoyles
  19 yaktaurs
  6 spiny frogs
  2 centaur skeletons (D:15)
  5 komodo dragons
  2 ice devils (D:12)
  5 rime drakes
  2 efreet (D:13)
  A troll (shapeshifter) (Depths:2)
  A hellwing (Depths:3)
  A hornet (D:9)
  2 tengu conjurers
  14 polar bears
  2 meliai (shapeshifter)
  A wolf spider simulacrum (D:15)
  2 tyrant leeches (Lair:4)
  6 trolls
  2 blink frogs (Lair:3)
  5 raiju (Lair:6)
  4 slime creatures (D:15)
  A wind drake (shapeshifter) (D:14)
  Prince Ribbit (D:7)
  A dream sheep (Lair:6)
  A hippogriff (shapeshifter) (D:11)
  6 hippogriffs
  6 centaur simulacra
  2 vampires
  3 wraiths (D:15)
  A spriggan (D:7)
  5 water elementals
  6 fire bats (Volcano)
  3 basilisks
  3 wyverns
  7 hogs
  32 yaks
  4 hungry ghosts
  5 wargs
  A swamp worm (Lair:4)
  A soldier ant (D:13)
  12 hell hounds (Lair:6)
  4 acid dragons
  8 water moccasins
  12 porcupines
  2 two-headed ogre zombies (D:9)
  A floating eye (shapeshifter) (Depths:3)
  7 sky beasts
  A floating eye (Depths:3)
  45 orc warriors
  A slave (D:7)
  An eye of draining (shapeshifter) (D:13)
  3 ice beasts
  An eye of draining (D:14)
  18 black bears
  19 ogres
  A phantom (D:5)
  16 wolves
  9 crocodiles
  14 centaurs
  2 big kobolds
  11 bullfrogs
  A gnoll sergeant (D:8)
  A hornet simulacrum (D:12)
  4 scorpions
  2 troll zombies (D:9)
  9 killer bees
  14 wights
  2 howler monkeys
  4 electric eels
  5 lava snakes (Volcano)
  6 crimson imps
  4 jellies
  5 bullfrog zombies
  A gnoll shaman (D:7)
  33 orc priests
  9 hounds
  A bullfrog skeleton (D:5)
  Jessica (D:2)
  22 orc wizards
  3 iguanas
  10 worker ants
  4 ogre zombies (D:9)
  2 bullfrog simulacra (D:12)
  Robin (D:2)
  A howler monkey skeleton (D:6)
  2 worker ant zombies
  12 gnolls
  10 adders
  3 shadow imps
  An ufetubus (Depths:1)
  2 adder skeletons
  4 worms
  5 dart slugs
  2 leopard geckos
  118 orcs
  A ball python (D:4)
  10 bats
  2 giant cockroaches
  21 goblins
  14 hobgoblins
  3 quokkas
  3 frilled lizards
  4 goblin skeletons
  5 goblin zombies (D:9)
  2 hobgoblin skeletons (D:9)
  A hobgoblin zombie (D:9)
  18 kobolds
  2 orc skeletons (D:9)
  11 orc zombies (D:9)
  2 quokka skeletons
  11 rats
  3 plants
1032 creatures vanquished.

Vanquished Creatures (collateral kills)
  A storm dragon (Depths:3)
  A tengu reaver (Depths:2)
  An orc warlord (Depths:1)
  An angel (Depths:1)
  A spark wasp (Depths:4)
  An ettin (Depths:2)
  The ghost of eyesofgods1 the Blocker, a journeyman GnFi of Gozag (Lair:1)
  2 fire dragons
  4 hydras
  A centaur warrior (Depths:1)
  2 two-headed ogres
  2 deep troll shamans
  A tengu warrior (D:13)
  3 deep troll earth magi
  2 orc high priests (Orc:2)
  A deep troll (Depths:4)
  3 orc knights (Orc:2)
  2 oklob plants (Lair:6)
  7 ugly things
  A manticore (D:14)
  A black mamba (Lair:6)
  An elephant (Lair:2)
  A spiny frog (Lair:3)
  A gargoyle (D:15)
  A kobold demonologist (D:13)
  4 yaktaurs
  2 polar bears (Lair:6)
  A blink frog (Lair:3)
  7 yaks
  A steam dragon (D:13)
  A slave (D:7)
  A water moccasin (Lair:6)
  9 orc warriors
  An ice beast (D:5)
  2 black bears (Lair:6)
  An ogre (D:5)
  2 wolves
  A crocodile (Lair:5)
  A bullfrog (Lair:1)
  A scorpion (D:4)
  A wight (D:7)
  2 orc wizards
  5 orc priests
  A shadow imp (D:11)
  An adder zombie (D:7)
  7 orcs
  A goblin (D:3)
  A kobold (Bailey)
97 creatures vanquished.

Vanquished Creatures (others)
  A fire giant (D:11)
  An ice dragon (Depths:2)
  A vampire mage (Depths:1)
  An ugly thing (Depths:3)
  A vampire (D:11)
  2 orcs (D:7)
  5 fungi
  25 plants
37 creatures vanquished.

Grand Total: 1166 creatures vanquished

Notes
Turn   | Place    | Note
-------+----------+-------------------------------------------
     0 | D:1      | galech the Demonspawn Fighter began the quest for the Orb.
     0 | D:1      | Reached XP level 1. HP: 18/18 MP: 1/1
   125 | D:1      | Gained mutation: A weak demonic guardian rushes to your
                  | aid. [demonic ancestry]
   125 | D:1      | Reached XP level 2. HP: 22/24 MP: 2/2
   226 | D:1      | Reached skill level 2 in Axes
   413 | D:1      | Reached XP level 3. HP: 27/29 MP: 3/3
   679 | D:2      | Noticed Robin
   706 | D:2      | Killed Robin
  1012 | D:2      | Reached XP level 4. HP: 30/37 MP: 4/4
  1114 | D:2      | Noticed Jessica
  1120 | D:2      | Killed Jessica
  1893 | D:3      | Reached skill level 3 in Axes
  1893 | D:3      | Gained mutation: You are surrounded by a mild repulsion
                  | field. (EV +2) [demonic ancestry]
  1893 | D:3      | Reached XP level 5. HP: 42/42 MP: 5/5
  2621 | D:4      | Got a smoking plate armour
  2632 | D:4      | Identified the +5 plate armour "Meunk" {+Fly rC++} (You
                  | found it on level 4 of the Dungeon)
  2679 | D:4      | Found a staircase to the Ecumenical Temple.
  2688 | Temple   | Entered the Ecumenical Temple
  2731 | Temple   | Became a worshipper of Warmaster Okawaru
  2829 | D:4      | Reached XP level 6. HP: 48/48 MP: 6/6
  2986 | D:4      | Reached skill level 4 in Axes
  3126 | D:5      | Entered Level 5 of the Dungeon
  3194 | D:5      | Reached * piety under Okawaru
  3508 | D:5      | Gained mutation: You have large cloven feet. [demonic
                  | ancestry]
  3508 | D:5      | Reached XP level 7. HP: 36/55 MP: 7/7
  3519 | D:5      | Reached skill level 5 in Axes
  3599 | D:5      | Reached skill level 1 in Dodging
  3667 | D:5      | Reached ** piety under Okawaru
  3878 | D:5      | Found a shattered altar of Ashenzari.
  3895 | D:5      | Reached XP level 8. HP: 26/61 MP: 8/8
  4019 | D:5      | Found a glowing silver altar of Zin.
  4020 | D:5      | Found a glowing golden altar of the Shining One.
  4021 | D:5      | Found a white marble altar of Elyvilon.
  4117 | D:5      | Noticed a moth of wrath
  4119 | D:5      | Found a bloodstained altar of Trog.
  4178 | D:6      | Reached skill level 5 in Fighting
  4243 | D:6      | Reached skill level 6 in Axes
  4465 | D:6      | Found a shimmering altar of Xom.
  4503 | D:6      | Reached *** piety under Okawaru
  4793 | D:7      | Reached skill level 5 in Shields
  4845 | D:7      | Reached skill level 7 in Axes
  4979 | D:7      | Noticed Prince Ribbit
  5032 | D:7      | Found a flagged portal.
  5114 | Bailey   | Entered a bailey
  5147 | Bailey   | Noticed an orc warlord
  5335 | Bailey   | Found a runed gate.
  5337 | Bailey   | Found a runed gate.
  5338 | Bailey   | Found a runed gate.
  5360 | Bailey   | Reached skill level 5 in Armour
  5537 | Bailey   | Killed an orc warlord
  5537 | Bailey   | Reached **** piety under Okawaru
  5537 | Bailey   | Reached skill level 8 in Axes
  5537 | Bailey   | Reached XP level 9. HP: 49/69 MP: 9/9
  5566 | Bailey   | Identified a scroll of acquirement
  5572 | Bailey   | Reached skill level 9 in Axes
  5572 | Bailey   | Reached XP level 10. HP: 66/80 MP: 10/10
  5697 | D:7      | Killed Prince Ribbit
  5732 | D:7      | Received a gift from Okawaru
  5873 | D:7      | Noticed Pikel
  5887 | D:7      | Killed Pikel
  6363 | D:7      | Found an opulent altar of Gozag.
  6454 | D:7      | Found a sacrificial altar of Ru.
  6498 | D:8      | Reached skill level 10 in Axes
  6508 | D:8      | Gained mutation: You are surrounded by a moderate repulsion
                  | field. (EV +3) [demonic ancestry]
  6508 | D:8      | Reached XP level 11. HP: 84/87 MP: 11/11
  7239 | D:9      | Noticed a two-headed ogre
  7246 | D:9      | Killed a two-headed ogre
  7292 | D:9      | Found a hide-covered altar of Uskayaw.
  7292 | D:9      | Found an ancient bone altar of Kikubaaqudgha.
  7292 | D:9      | Found a deep blue altar of Sif Muna.
  7474 | D:9      | Paralysed by a hornet for 1 turns
  7610 | D:9      | Reached ***** piety under Okawaru
  7623 | D:9      | Found a staircase to the Orcish Mines.
  8138 | D:10     | Entered Level 10 of the Dungeon
  8188 | D:10     | Reached skill level 11 in Axes
  8435 | D:10     | Noticed a two-headed ogre
  8443 | D:10     | Killed a two-headed ogre
  8503 | D:10     | Found Amugoil's Food Emporium.
  8822 | D:10     | Reached skill level 1 in Invocations
  8996 | D:10     | Killed an unseen horror
  8996 | D:10     | Received a gift from Okawaru
  9234 | Orc:1    | Entered Level 1 of the Orcish Mines
  9234 | Orc:1    | Found Koig's General Store.
  9277 | Orc:1    | Bought a scroll of identify for 28 gold pieces
  9498 | Orc:2    | Entered Level 2 of the Orcish Mines
  9587 | Orc:2    | Noticed a two-headed ogre
  9601 | Orc:2    | Killed a two-headed ogre
  9885 | Orc:2    | Gained mutation: A demonic guardian rushes to your aid.
                  | [demonic ancestry]
  9885 | Orc:2    | Reached XP level 12. HP: 65/95 MP: 12/12
 10062 | Orc:2    | Reached skill level 12 in Axes
 10093 | Orc:2    | Noticed an orc high priest
 10130 | Orc:2    | Killed an orc high priest
 10289 | Orc:2    | Noticed an orc warlord
 10307 | Orc:2    | Killed an orc warlord
 10406 | Orc:2    | Found a roughly hewn altar of Beogh.
 10621 | Orc:2    | Found Wiplerad's Antique Armour Shop.
 10621 | Orc:2    | Noticed an orc high priest
 10663 | Orc:2    | Killed an orc high priest
 10946 | Orc:2    | Paralysed by an orc sorcerer for 4 turns
 10955 | Orc:2    | Paralysed by an orc sorcerer for 5 turns
 11317 | Orc:2    | Found a staircase to the Elven Halls.
 11723 | Orc:2    | Noticed a two-headed ogre
 11731 | Orc:2    | Killed a two-headed ogre
 11731 | Orc:2    | Received a gift from Okawaru
 11921 | Orc:2    | Noticed an orc high priest
 11940 | Orc:2    | Killed an orc high priest
 11940 | Orc:2    | Reached skill level 13 in Axes
 12108 | Orc:2    | Found a roughly hewn altar of Beogh.
 12150 | Orc:2    | Noticed a two-headed ogre
 12177 | Orc:2    | Killed a two-headed ogre
 12177 | Orc:2    | Reached skill level 10 in Fighting
 12430 | Orc:2    | Found Suript's Antique Armour Boutique.
 12659 | Orc:2    | Found Pahuixa's Antique Weapon Shop.
 12835 | Orc:2    | Noticed an orc high priest
 12847 | Orc:2    | Killed an orc high priest
 12988 | Orc:2    | Noticed an orc high priest
 12994 | Orc:2    | Found Wyutoiqosu's General Store.
 13000 | Orc:2    | Killed an orc high priest
 13000 | Orc:2    | Gained mutation: You sometimes gain a little power by
                  | taking damage. [demonic ancestry]
 13000 | Orc:2    | Reached XP level 13. HP: 71/103 MP: 14/14
 13095 | Orc:2    | Bought a scroll of blinking for 120 gold pieces
 13371 | Orc:2    | Bought a pair of brightly glowing gloves for 294 gold
                  | pieces
 13381 | Orc:2    | Identified the +2 pair of gloves of Prudence {*Corrode MR++
                  | Regen+ Stlth+} (You bought it in a shop on level 2 of the
                  | Orcish Mines)
 13458 | Orc:1    | Noticed Snorg
 13465 | Orc:1    | Killed Snorg
 13884 | D:11     | Found a staircase to the Lair.
 13999 | D:11     | Found a runed door.
 14000 | D:11     | Found a runed door.
 14388 | D:11     | Noticed MisterFreud's ghost (journeyman TrHu)
 14389 | D:11     | Noticed a lich
 14390 | D:11     | Noticed a fire giant
 14534 | D:11     | Reached ****** piety under Okawaru
 14536 | D:11     | Reached skill level 14 in Axes
 14886 | Lair:1   | Entered Level 1 of the Lair of Beasts
 15010 | Lair:1   | Noticed Urug
 15022 | Lair:1   | Killed Urug
 15022 | Lair:1   | Received a gift from Okawaru
 15232 | Lair:1   | Found a runed door.
 15232 | Lair:1   | Noticed eyesofgods1's ghost (journeyman GnFi)
 15402 | Lair:1   | Found a shimmering altar of Xom.
 15667 | Lair:1   | Killed eyesofgods1's ghost
 15736 | Lair:2   | Found a labyrinth entrance.
 15745 | Lab      | Entered a labyrinth
 16538 | Lab      | Noticed a minotaur
 16560 | Lab      | Killed a minotaur
 17091 | Lair:2   | Found a deep blue altar of Sif Muna.
 17310 | Lair:2   | Found a hole to the Spider Nest.
 17413 | Lair:2   | Got the ring "Plog" {+Fly}
 17573 | Lair:3   | Reached skill level 10 in Shields
 17574 | Lair:3   | Reached skill level 10 in Armour
 17575 | Lair:3   | Received a gift from Okawaru
 17739 | Lair:3   | Reached XP level 14. HP: 96/113 MP: 15/15
 17794 | Lair:3   | Reached skill level 1 in Evocations
 18337 | Lair:4   | Found a dark tunnel.
 18354 | Volcano  | Entered a volcano
 18563 | Volcano  | Found a burning altar of Makhleb.
 18586 | Volcano  | Found a radiant altar of Vehumet.
 19381 | Lair:4   | Found a staircase to the Swamp.
 19787 | Lair:5   | Noticed Nessos
 19836 | Lair:5   | Killed Nessos
 20478 | Lair:6   | Entered Level 6 of the Lair of Beasts
 20578 | Lair:6   | Reached skill level 15 in Axes
 20659 | Lair:6   | Received a gift from Okawaru
 20677 | Lair:6   | Got a fine plate armour {god gift}
 20688 | Lair:6   | Identified the +8 plate armour "Woijucea" {Int+3} (Okawaru
                  | gifted it to you on level 6 of the Lair of Beasts)
 20701 | Lair:6   | Found a hazy altar of Hepliaklqana.
 21385 | Lair:6   | Found a staircase to the Slime Pits.
 21877 | Lair:6   | Noticed Kirke
 22042 | Lair:6   | Killed Kirke
 22182 | D:12     | Reached XP level 15. HP: 91/121 MP: 17/17
 22193 | D:12     | Found Inofax's Antique Armour Shop.
 22242 | D:12     | Noticed Petrovich's ghost (journeyman GnWn)
 22282 | D:12     | Found Zumo's Book Emporium.
 22351 | D:12     | Found a runed gate.
 22351 | D:12     | Found a runed gate.
 22351 | D:12     | Found a runed gate.
 22383 | D:12     | Received a gift from Okawaru
 22443 | D:12     | Killed Petrovich's ghost
 22478 | D:12     | Got the ring of Inkuceru {Fire}
 22483 | D:12     | Got a pair of warped boots
 22489 | D:12     | Identified the +1 pair of boots of Xinima {rN+ Int+3} (You
                  | found it on level 12 of the Dungeon)
 22647 | D:12     | Found Nudus's Weapon Shoppe.
 22677 | D:12     | Found Vuorosuchi's Gadget Boutique.
 22763 | D:12     | Found Fueshrer's Weapon Shoppe.
 22989 | D:12     | Found a roughly hewn altar of Beogh.
 23259 | D:13     | Was placed under penance by Okawaru
 23262 | D:13     | Gained mutation: You are weak. (Str -2) [a neqoxec]
 23301 | D:13     | Found a gate to the Vaults.
 23334 | D:13     | Reached skill level 16 in Axes
 23364 | D:13     | Was forgiven by Okawaru
 23601 | D:13     | Found Yhiemek's Jewellery Boutique.
 24022 | D:14     | Found a transporter.
 24027 | D:14     | Found a transporter.
 24039 | D:14     | Found a transporter.
 24039 | D:14     | Found a transporter.
 24157 | D:14     | Found a transporter.
 24371 | D:15     | Entered Level 15 of the Dungeon
 24561 | D:15     | Noticed Josephine
 24571 | D:15     | Killed Josephine
 24853 | D:15     | Found a staircase to the Depths.
 24858 | D:15     | Received a gift from Okawaru
 25585 | D:11     | Killed a lich
 25586 | D:11     | Killed MisterFreud's ghost
 25592 | D:11     | Gained mutation: You sometimes gain power by taking damage.
                  | [demonic ancestry]
 25592 | D:11     | Reached XP level 16. HP: 125/131 MP: 18/18
 25815 | Depths:1 | Entered Level 1 of the Depths
 26312 | Depths:1 | Received a gift from Okawaru
 26668 | Depths:1 | Found a gateway to a ziggurat.
 26863 | Depths:1 | Found a one-way gate leading to the halls of Pandemonium.
 27020 | Depths:1 | Found a gateway to Hell.
 27138 | Depths:1 | Reached skill level 17 in Axes
 27143 | Depths:1 | Reached skill level 5 in Invocations
 27448 | D:14     | Got a shimmering large shield
 27454 | D:14     | Identified the cursed -11 large shield of Reason {Stlth+}
                  | (You found it on level 14 of the Dungeon)
 27477 | D:14     | Got a pitted crystal amulet
 27479 | D:14     | Identified the amulet "Kubbirhe" {RegenMP Str+8 SInv} (You
                  | found it on level 14 of the Dungeon)
 27937 | Depths:2 | Received a gift from Okawaru
 27947 | Depths:2 | Reached XP level 17. HP: 113/140 MP: 21/21
 28157 | Depths:2 | Noticed a golden dragon
 28158 | Depths:2 | Noticed a lich
 28167 | Depths:2 | Killed a golden dragon
 28648 | Depths:2 | Noticed an Ice Fiend
 28661 | Depths:2 | Killed a lich
 28936 | Depths:2 | Received a gift from Okawaru
 29004 | Depths:2 | Reached skill level 15 in Fighting
 29163 | Depths:2 | Found a runed door.
 29165 | Depths:2 | Noticed Saint Roka
 29313 | Depths:2 | Killed Saint Roka
 29500 | Depths:2 | Found a runed door.
 29549 | Depths:2 | Noticed soark's ghost (adept DECj)
 29574 | Depths:2 | Killed soark's ghost
 29581 | Depths:2 | Got a scorched marble ring
 29586 | Depths:2 | Identified the ring "Wesutseu" {rCorr rPois} (You found it
                  | on level 2 of the Depths)
 29942 | Depths:2 | Noticed a lich
 29947 | Depths:2 | Killed a lich
 30052 | Depths:2 | HP: 7/142 [tengu reaver/bolt of magma (45)]
 30061 | Depths:2 | Received a gift from Okawaru
 30265 | Depths:2 | Found a one-way gate to the infinite horrors of the Abyss.
 30750 | Depths:2 | Noticed a quicksilver dragon
 30750 | Depths:2 | Noticed a lich
 30768 | Depths:2 | Gained mutation: You have hoof-like feet. [demonic
                  | ancestry]
 30768 | Depths:2 | Reached XP level 18. HP: 149/149 MP: 22/22
 31081 | Depths:2 | Reached skill level 18 in Axes
 31185 | Depths:2 | Received a gift from Okawaru
 31774 | Depths:3 | Paralysed by a floating eye for 3 turns
 32189 | Depths:3 | Received a gift from Okawaru
 32234 | Depths:3 | Noticed a golden dragon
 32239 | Depths:3 | Noticed a caustic shrike
 32254 | Depths:3 | Killed a golden dragon
 32261 | Depths:3 | Killed a caustic shrike
 32406 | Depths:3 | Noticed a tentacled monstrosity
 32416 | Depths:3 | Killed a tentacled monstrosity
 32593 | Depths:3 | Noticed a tentacled monstrosity
 32607 | Depths:3 | Killed a tentacled monstrosity
 32866 | Depths:3 | Found the +5 scythe "Finisher" {speed, Str+3}
 33277 | Depths:4 | Noticed a lich
 33290 | Depths:4 | Killed a lich
 33731 | Depths:3 | Received a gift from Okawaru
 34036 | Depths:4 | Noticed a golden dragon
 34049 | Depths:4 | Gained mutation: Your magical and physical power is
                  | slightly enhanced at high health. [demonic ancestry]
 34049 | Depths:4 | Reached XP level 19. HP: 117/159 MP: 24/24
 34049 | Depths:4 | Killed a golden dragon
 34329 | Depths:4 | Noticed Xtahua
 34340 | Depths:4 | Killed from afar by Xtahua

Vault maps used:
D:1:      roderic_octagonal_star, minmay_misc_feat_square,
          chequers_serial_rivers_room_a
D:2:      first_ration, kennysheep_jessica_study, uniq_robin
D:3:      minmay_misc_feat_doors
D:4:      minmay_temple_entry_junction_2
D:5:      good_gods_temple_1, tgw_trog, minivault_24, ashenzari_altar_1
D:6:      lemuel_crystal_altar, dk_noncrumbling_3, minivault_22
D:7:      kennysheep_little_box, enter_bailey_3, the_bakery,
          nicolae_ru_path_of_blood, uniq_prince_ribbit1, uniq_pikel
D:9:      gammafunk_temple_overflow_forgotten, zombieorc2_lemuel
D:10:     serial_shops, shop_statue, kennysheep_small_spiral
D:11:     nicolae_whirlpool, minmay_lair_entry_grove,
          muffindrake_ghost_dual_entry, fungi_pond_lemuel, grunt_ministairs_5
D:12:     special_room, serial_shops, shop, shop, shop,
          nicolae_shop_overgrown_old_shop, nicolae_shop_waterfront,
          gammafunk_ghost_icy
D:13:     erik_vaults_2, serial_shops, shop
D:14:     gammafunk_the_bubble, serial_bayou_shore_b
D:15:     grunt_enter_depths_magical_seal, uniq_josephine
Temple:   nicolae_temple_figure_eight
Lair:1:   beast_lair_carwin_large_4, ebering_ghost_inner_flame, basic_altar,
          serial_bayou_shore_b, infiniplex_staircase_pool, uniq_urug
Lair:2:   statuecave_lemuel, nicolae_spider_entry_orb_guardian,
          lab_entry_generic, basic_altar, grunt_megastairs_2
Lair:4:   minmay_swamp_entry_worms, enter_volcano_2
Lair:5:   beast_lair_carwin_11, uniq_nessos
Lair:6:   hangedman_lair_caniforms_friends, minmay_slime_entry_oklob_enclosed,
          basic_altar, infiniplex_staircase_pool_2, uniq_kirke
Orc:1:    serial_shops, shop, uniq_snorg
Orc:2:    pubby_orc_utopia
Depths:1: enter_ziggurat_f, rand_demon_pan_entry_4, minmay_misc_feat_enclosed,
          grunt_hell_entry_dis_old, minmay_orc_keep
Depths:2: cell_vault, abyss_entry, hell_entry, ebering_ghost_reflecting_pool,
          kennysheep_nub, lightli_gold_pyramid, serial_bayou_shore_a,
          uniq_saint_roka
Depths:3: minmay_textured_paths, hellmouth_1, pan_entry, minmay_misc_feat_tiny,
          lemuel_nasty_fountain
Depths:4: ragdoll_tomb_raider, pf_hell_entry_tar_spiral, grunt_pan_entry_zigzag,
          abyss_entry, spider_trap, firewood_loft, uniq_xtahua
Lab:      nicolae_lab_stuck, labyrinth_skeletal_remains
Bailey:   bailey_axe_bossmonster_kennysheep, bailey
Volcano:  volcano_grotto

Skill      XL: |  1  2  3  4  5  6  7  8  9 10 11 12 13 14 15 16 17 18 |
---------------+-------------------------------------------------------+-----
Shields        | 3 4 6 8 9 10 11 12 13 14 | 14.5
Axes           | 2 3 4 5 8 9 10 11 13 14 15 16 17 18 | 18.5
Armour         | 3 4 5 7 8 10 11 12 13 | 13.8
Fighting       | 4 5 7 8 9 10 11 12 13 14 15 16 | 16.6
Dodging        | 1 2 3 |  3.4
Stealth        | 2 3 4 |  4.8
Invocations    | 1 2 3 5 6 |  6.7
Evocations     | 1 |  1.0

Action                   |  1- 3 |  4- 6 |  7- 9 | 10-12 | 13-15 | 16-18 | 19-21 || total
-------------------------+-------+-------+-------+-------+-------+-------+-------++-------
Melee: War axe           |   137 |   191 |   285 |   883 |  1710 |  1127 |    31 ||  4364
       Kick              |       |       |    94 |   297 |   436 |       |       ||   827
Invok: Heroism           |       |       |     2 |    10 |    19 |    21 |     1 ||    53
       Finesse           |       |       |       |       |     7 |     6 |       ||    13
Evoke: Wand              |       |       |       |       |     2 |     1 |       ||     3
  Use: Scroll            |       |       |    16 |     7 |    19 |    10 |       ||    52
       Potion            |       |       |     2 |       |       |     9 |       ||    11
 Stab: Distracted        |       |     2 |     2 |     3 |     6 |     9 |     1 ||    23
  Eat: Chunk             |     1 |     8 |     7 |    27 |    29 |    25 |     1 ||    98
       Ration            |       |       |       |       |     5 |       |       ||     5
Armor: Scale mail        |    83 |     8 |       |       |       |       |       ||    91
       Chain mail        |       |    43 |       |       |    17 |       |       ||    60
       Plate armour      |       |    67 |   170 |   324 |   701 |   445 |     7 ||  1714
Dodge: Dodged            |    61 |    44 |   111 |   287 |   693 |   420 |    20 ||  1636
Block: Shield            |    60 |    88 |   165 |   160 |   791 |   640 |    23 ||  1927
       Buckler           |       |       |       |   167 |    72 |       |       ||   239

Table legend:
 A = Non-vault XP
 B = Vault XP
 C = Vault XP percentage of total XP
 D = Non-vault monster count
 E = Vault monster count
 F = Vault count percentage of total count
                 A         B        C        D         E       F
            +---------+---------+-------+---------+---------+-------
      Total |  199529 |  182436 |  47.8 |     617 |     511 |  45.3
            +---------+---------+-------+---------+---------+-------
        D:1 |      46 |       0 |   0.0 |      27 |       0 |   0.0
        D:2 |      34 |      60 |  63.8 |      10 |      11 |  52.4
        D:3 |     152 |       0 |   0.0 |      18 |       0 |   0.0
        D:4 |     141 |       0 |   0.0 |      13 |       0 |   0.0
        D:5 |    1017 |       9 |   0.9 |      26 |       5 |  16.1
        D:6 |     426 |       0 |   0.0 |      13 |       0 |   0.0
        D:7 |    1226 |    1110 |  47.5 |      33 |       7 |  17.5
        D:8 |    1380 |       0 |   0.0 |      37 |       0 |   0.0
        D:9 |    2616 |     930 |  26.2 |      28 |      34 |  54.8
       D:10 |    3570 |       0 |   0.0 |      25 |       0 |   0.0
       D:11 |    5277 |    9582 |  64.5 |      31 |      25 |  44.6
       D:12 |    6684 |    4966 |  42.6 |      33 |      38 |  53.5
       D:13 |    7295 |    7665 |  51.2 |      28 |       8 |  22.2
       D:14 |    1679 |    5053 |  75.1 |      15 |      15 |  50.0
       D:15 |    7521 |   11215 |  59.9 |      24 |      16 |  40.0
     Lair:1 |    2847 |    4451 |  61.0 |      11 |      16 |  59.3
     Lair:2 |    3190 |    1010 |  24.0 |      11 |       3 |  21.4
     Lair:3 |    6402 |       0 |   0.0 |      31 |       0 |   0.0
     Lair:4 |    2963 |     717 |  19.5 |       9 |       3 |  25.0
     Lair:5 |    1784 |    2590 |  59.2 |       7 |       5 |  41.7
     Lair:6 |    9393 |   13793 |  59.5 |      22 |      65 |  74.7
      Orc:1 |     506 |     843 |  62.5 |       7 |       1 |  12.5
      Orc:2 |       0 |   19166 | 100.0 |       0 |     147 | 100.0
   Depths:1 |   31244 |    8644 |  21.7 |      46 |      11 |  19.3
   Depths:2 |   52931 |   60162 |  53.2 |      56 |      48 |  46.2
   Depths:3 |   21750 |   24442 |  52.9 |      27 |      14 |  34.1
   Depths:4 |   26278 |       0 |   0.0 |      28 |       0 |   0.0
        Lab |    1177 |       0 |   0.0 |       1 |       0 |   0.0
     Bailey |       0 |    1993 | 100.0 |       0 |      21 | 100.0
    Volcano |       0 |    4035 | 100.0 |       0 |      18 | 100.0
            +---------+---------+-------+---------+---------+-------
